 Dungeon Crawl Stone Soup version 0.31-a0-237-g2d982f9f85 (webtiles) character file.

Game seed: 4717137620911392856

60 qw the Shooter (level 3, -8/29 HPs)
             Began as a Minotaur Hexslinger on July 11, 2023.
             Mangled by a gnoll
             ... wielding a +0 spear
              (9 damage)
             ... on level 2 of the Dungeon.
             The game lasted 00:00:26 (876 turns).

qw the Shooter (Minotaur Hexslinger)                 Turns: 876, Time: 00:00:26

Health: -8/29      AC:  5    Str: 12    XL:     3   Next: 82%
Magic:  3/3        EV: 11    Int: 10    God:
Gold:   45         SH:  0    Dex: 14    Spells: 3/4 levels left

rFire   . . .        Y - +1 sling (freeze)
rCold   . . .        (no shield)
rNeg    . . .        f - +0 ring mail
rPois   .            (helmet restricted)
rElec   .            (no cloak)
rCorr   .            (no gloves)
SInv    .            (no boots)
Will    .....        (no amulet)
Stlth   +            (no ring)
HPRegen 0.24/turn    (no ring)
MPRegen 0.08/turn

%: no passive effects
@: about to teleport
A: horns 2, retaliatory headbutt
a: no special abilities


You were on level 2 of the Dungeon.
You visited 1 branch of the dungeon, and saw 2 of its levels.

You collected 45 gold pieces.


Innate Abilities, Weirdness & Mutations

You have a pair of horns on your head.
You reflexively headbutt those who attack you in melee.


   Skills:
 - Level 2.0 Fighting
 + Level 4.0 Ranged Weapons
 - Level 1.4 Armour
 - Level 2.1 Dodging
 - Level 1.0 Spellcasting
 - Level 2.0 Hexes


You had 3 spell levels left.
You knew the following spells:

 Your Spells              Type           Power      Damage    Failure   Level
a - Slow                  Hex            16%        N/A       32%         1

Your spell library contained the following spells:

 Spells                   Type           Power      Damage    Failure   Level
 Inner Flame              Hex/Fire       2%         N/A       83%         3
 Portal Projectile        Hex/Tloc       4%         N/A       83%         3
 Cause Fear               Hex            2%         N/A       97%         4

Inventory:

Hand Weapons
 Y - a +1 sling of freezing (weapon)
Armour
 f - a +0 ring mail (worn)
Jewellery
 c - a +6 ring of dexterity
Scrolls
 g - a scroll of identify
Potions
 b - a potion of heal wounds {unknown}
 d - a potion of might {unknown}
 e - a potion of curing {unknown}

Dungeon Overview and Level Annotations

Branches:
Dungeon (2/15)

Altars:


Message History

The jackal closely misses you. The jackal barely misses you.
The gnoll misses you.
Your Armour skill increases to level 1!
You shoot a sling bullet. The sling bullet hits the jackal.
The sling bullet freezes the jackal.
The jackal is heavily wounded.
The jackal closely misses you.
The jackal bites you but does no damage.
The jackal misses you.
The gnoll hits you from afar with a +0 spear.
The jackal bites you but does no damage.
You shoot a sling bullet. The sling bullet hits the jackal.
The sling bullet freezes the jackal.
You kill the jackal!
The jackal closely misses you. The gnoll closely misses you.
The jackal completely misses you.
You shoot a sling bullet.
The sling bullet barely misses the jackal.
The jackal barely misses you.
The gnoll hits you from afar with a +0 spear.
The jackal bites you. The gnoll barely misses you.
You shoot a sling bullet. The sling bullet hits the jackal.
The sling bullet freezes the jackal.
You kill the jackal!
A gnoll comes into view. It is wielding a +0 club.
The gnoll hits you from afar with a +0 spear.
You shoot a sling bullet. The sling bullet hits the gnoll.
The sling bullet freezes the gnoll.
The gnoll is moderately wounded.
The gnoll closely misses you. The gnoll hits you with a +0 club.
875 ||| READING scroll of teleportation.
As you read the scroll of teleportation, it crumbles to dust.
You feel strangely unstable. The gnoll completely misses you.
You shoot a sling bullet.
The sling bullet barely misses the gnoll.
The gnoll misses you. The gnoll hits you with a +0 club. x2
The gnoll barely misses you.
The gnoll hits you from afar with a +0 spear!
You die...

#.......###.
#....)......
..##....##
#...### ##.....#
#......#
####.##...#
#######....##...#
#@......#####...#
.....ggg#######
#...# ......###
...# ...... .#
..... }.8.. ....
_.}.


You could see 3 gnolls.

Vanquished Creatures
  A gnoll (D:2)
  An adder (D:2)
  A dart slug (D:1)
  6 ball pythons
  2 endoplasms (D:1)
  3 giant cockroaches (D:2)
  3 goblins
  4 hobgoblins
  4 jackals (D:2)
  A quokka (D:2)
  3 bats (D:1)
  2 frilled lizards (D:1)
  4 kobolds
  5 rats
40 creatures vanquished.

Notes
Turn   | Place    | Note
-------+----------+-------------------------------------------
     0 | D:1      | qw the Minotaur Hexslinger began the quest for the Orb.
     0 | D:1      | Reached XP level 1. HP: 16/16 MP: 1/1
     0 | D:1      | 0 ||| qw: Version: 0.3-a-52-g30416fa
     0 | D:1      | 0 ||| qw: Game counter: 5759
     0 | D:1      | 0 ||| qw: Melee chars always use a shield: true
     0 | D:1      | 0 ||| qw: God list: Okawaru
     0 | D:1      | 0 ||| qw: Allow faded altars: false
     0 | D:1      | 0 ||| qw: Do Orc after clearing Dungeon:15 true
     0 | D:1      | 0 ||| qw: Do second Lair branch before Depths: true
     0 | D:1      | 0 ||| qw: Lair rune preference: random
     0 | D:1      | 0 ||| qw: Goals: Normal
     0 | D:1      | 0 ||| PLANNING D:1-11
   130 | D:1      | Reached skill level 3 in Ranged Weapons
   130 | D:1      | Reached XP level 2. HP: 23/23 MP: 2/2
   676 | D:1      | 676 ||| UPGRADING to +0 ring mail.
   686 | D:1      | 686 ||| DROPPING +0 robe.
   687 | D:1      | 687 ||| READING scroll labelled QIN PISMIME.
   688 | D:1      | 688 ||| READING scroll labelled SEOVUGGYID.
   692 | D:1      | 692 ||| READING scroll labelled GAFUNI BECOA.
   693 | D:1      | 693 ||| DROPPING scroll of poison.
   784 | D:2      | Reached XP level 3. HP: 29/29 MP: 3/3
   791 | D:2      | 791 ||| FLEEEEING.
   826 | D:2      | Reached skill level 4 in Ranged Weapons
   861 | D:2      | Found a faded altar of an unknown god.
   870 | D:2      | Reached skill level 1 in Armour
   874 | D:2      | HP: 6/29 [gnoll/+0 club (6)]
   875 | D:2      | 875 ||| READING scroll of teleportation.
   876 | D:2      | HP: 1/29 [gnoll/+0 club (2)]
   876 | D:2      | Mangled by a gnoll

Levels and vault maps discovered:
D:1:      dpeg_arrival_chambers_temple_mockup, layout_basic
D:2:      layout_rooms, hellmonk_ecumenical_altar_dog_temple

Skill      XL: |  1  2  3 |
---------------+----------+-----
Ranged Weapons | 3 4 |  4.0
Fighting       | 2 |  2.0
Armour         | 1 |  1.4
Dodging        | |  2.1
Spellcasting   | |  1.0
Hexes          | |  2.0

Action                     || total
---------------------------++-------
   Fire: Sling             ||   109
    Use: Scroll            ||     4
 Armour: Robe              ||     5
         Ring mail         ||    12
  Dodge: Dodged            ||    42

Table legend:
 A = Non-vault XP
 B = Vault XP
 C = Vault XP percentage of total XP
 D = Non-vault monster count
 E = Vault monster count
 F = Vault count percentage of total count
                 A         B        C        D         E       F
            +---------+---------+-------+---------+---------+-------
      Total |      79 |       8 |   9.2 |      36 |       4 |  10.0
            +---------+---------+-------+---------+---------+-------
        D:1 |      33 |       0 |   0.0 |      22 |       0 |   0.0
        D:2 |      46 |       8 |  14.8 |      14 |       4 |  22.2
            +---------+---------+-------+---------+---------+-------
